 Dungeon Crawl Stone Soup version 0.29.1-13-g9f3cf754e1 (webtiles) character file.

Game seed: 9959736015860599970

200 javelincjr the Gusty (level 5, -2/39 HPs)
             Began as a Draconian Air Elementalist on Jan 26, 2023.
             Killed from afar by a white imp (5 damage)
             ... with a puff of frost
             ... on level 6 of the Dungeon.
             The game lasted 00:10:57 (2665 turns).

javelincjr the Gusty (Draconian Air Elementalist)   Turns: 2665, Time: 00:10:58

Health: -2/39      AC:  5    Str: 11      XL:     5   Next: 49%
Magic:  6/10       EV: 11    Int: 17      God:
Gold:   73         SH:  0    Dex:  5 (11) Spells: 4/10 levels left

rFire   . . .      SeeInvis .   c - +0 dagger
rCold   . . .      Faith    .   (no shield)
rNeg    . . .      Spirit   .   (body armour unavailable)
rPois   .          Reflect  .   (helmet restricted)
rElec   .          Harm     .   (no cloak)
rCorr   .          Rampage  .   (no gloves)
Will    .....                   (no boots)
Stlth   ++........              (no amulet)
HPRegen 0.13/turn               (no ring)
MPRegen 0.12/turn               (no ring)

@: on berserk cooldown, slowed, very slow
A: AC +5, unfitting armour, cold-blooded
a: no special abilities


You were on level 6 of the Dungeon.
You visited 1 branch of the dungeon, and saw 4 of its levels.

You collected 73 gold pieces.

Inventory:

Hand Weapons
 c - a +0 dagger (weapon)
Jewellery
 k - a +4 ring of protection
Scrolls
 b - 3 scrolls of teleportation {unknown}
 e - 3 scrolls of enchant armour
 f - a scroll of amnesia
 i - a scroll of silence
 l - a scroll of magic mapping {unknown}
 m - a scroll of noise {unknown}
 n - a scroll of poison {unknown}
 o - a scroll of blinking {unknown}
Potions
 g - a potion of brilliance
 h - a potion of heal wounds {unknown}
 j - 2 potions of curing {unknown}


   Skills:
 + Level 0.3 Fighting
 + Level 0.3 Short Blades
 + Level 2.3 Dodging
 + Level 2.4 Stealth
 + Level 3.3 Spellcasting
 + Level 2.4 Conjurations
 + Level 4.0 Air Magic


You had 4 spell levels left.
You knew the following spells:

 Your Spells              Type           Power      Damage    Failure   Level
a - Shock                 Conj/Air       52%        1d6       4%          1
b - Static Discharge      Conj/Air       13%        3-5/arc   7%          2
c - Swiftness             Air            16%        N/A       10%         3

Your spell library contained the following spells:

 Spells                   Type           Power      Damage    Failure   Level
 Sandblast                Erth           4%         2d4       17%         1
 Airstrike                Air            8%         2d(2-18)  32%         4
 Corpse Rot               Necr/Pois/Air  7%         N/A       67%         4
 Petrify                  Tmut/Erth      2%         N/A       86%         4
 Iron Shot                Conj/Erth      3%         9d2       100%        6


Dungeon Overview and Level Annotations

Branches:
Dungeon (3/15)

Altars:

Shops:
D:1 ?:?

Annotations:
D:3 2 transporters, hawla's ghost, amateur MeIE


Innate Abilities, Weirdness & Mutations

Your plain brown scales are hard. (AC +5)
You cannot fit into any form of body armour.
You are cold-blooded and may be slowed by cold attacks.


Message History

The quasit claws you but does no damage.
You miss the quasit.
Your tail-slap misses the quasit.
The quasit is heavily wounded.
The quasit barely misses you. x3
You barely miss the quasit.
The quasit is heavily wounded.
You are no longer berserk.
You are exhausted.
You feel yourself slow down.
The quasit bites you but does no damage.
The quasit misses you. The quasit closely misses you.
Magic courses through your body. The quasit misses you.
The quasit closely misses you.
The quasit claws you but does no damage.
The quasit closely misses you. x2; The quasit barely misses you.
Casting: Static Discharge (safe; 7% risk of failure)
Confirm with . or Enter, or press ? or * to list all spells.
The quasit is struck by an arc of lightning!
The quasit is almost dead.
The shadow imp is struck by an arc of lightning!
The shadow imp is severely wounded.
The quasit is struck by an arc of lightning.
You kill the quasit!
The white imp is struck by an arc of lightning.
The white imp is heavily wounded.
The lightning grounds out.
You feel your dexterity returning.
Casting: Static Discharge (safe; 7% risk of failure)
Confirm with . or Enter, or press ? or * to list all spells.
The shadow imp is struck by an arc of lightning.
You kill the shadow imp!
The white imp is struck by an arc of lightning.
The white imp is almost dead.
The lightning grounds out.
The white imp gestures at you. The puff of frost hits you.
* * * LOW HITPOINT WARNING * * *
The white imp gestures at you. The puff of frost hits you.
You die...

#.# ##..⌠P..# #.# ##♣..P
#.# #♣P⌠♣# #5#####
#⌠.♣.# ......# #....#
......####.#..##
......##.......# ##.
~~....##.8#8..5####.....
~~P...5..#!#..5.@...#
~.~...##.8#8.#.######
.~....##.......#
?.....########## ......#
......# #######


You could see 2 white imps.

Vanquished Creatures
  3 quasits (D:6)
  4 adders
  3 shadow imps (D:6)
  An ufetubus (D:6)
  An orc (D:3)
  4 endoplasms
  4 giant cockroaches
  3 goblins
  4 hobgoblins
  6 kobolds
  3 quokkas
  5 ball pythons
  7 bats
  2 frilled lizards
  5 rats
55 creatures vanquished.

Vanquished Creatures (others)
  A demonic plant (D:6)
  A plant (D:6)
2 creatures vanquished.

Grand Total: 57 creatures vanquished

Notes
Turn   | Place    | Note
-------+----------+-------------------------------------------
     0 | D:1      | javelincjr the Draconian Air Elementalist began the quest
                  | for the Orb.
     0 | D:1      | Reached XP level 1. HP: 14/14 MP: 3/3
   155 | D:1      | Found a faded altar of an unknown god.
   310 | D:1      | Reached XP level 2. HP: 20/20 MP: 1/5
   383 | D:1      | Found Guppoh's Magic Scroll Boutique.
   766 | D:1      | Found Ugoczono's Magic Scroll Shop.
  1074 | D:1      | Found Mewymubb's Book Boutique.
  1334 | D:2      | Reached XP level 3. HP: 23/26 MP: 2/6
  1814 | D:2      | Learned a level 2 spell: Static Discharge
  1818 | D:2      | Learned a level 3 spell: Swiftness
  2043 | D:2      | Reached XP level 4. HP: 33/33 MP: 1/7
  2224 | D:3      | Found a transporter.
  2232 | D:3      | Noticed hawla's ghost (amateur MeIE)
  2267 | D:3      | Found a transporter.
  2268 | D:3      | Got the Quarto of the Spider and Spelunking
  2417 | D:3      | Noticed a small abomination
  2593 | D:3      | You fall into a shaft and drop 3 floors!
  2613 | D:6      | Reached XP level 5. HP: 27/38 MP: 0/9
  2615 | D:6      | Noticed a black bear
  2657 | D:6      | Reached skill level 4 in Air Magic
  2665 | D:6      | Killed from afar by a white imp

Illustrated notes

Levels and vault maps discovered:
D:1:      minmay_arrival_plants_in_alcoves, layout_loops_ring, serial_shops,
          shop, shop, nicolae_lakefront_shop, nicolae_ecumenical_snake_handling
D:2:      layout_basic, columned_hall_lemuel, minmay_misc_feat_hallway
D:3:      layout_rooms, gammafunk_ghost_abyssal_escape, uniq_natasha
D:6:      kennysheep_slugbush, layout_rooms, grunt_temple_overflow_open,
          minmay_temple_entry_gardened_gates, serial_demonic, serial_demonic_d,
          serial_demonic_b, serial_demonic_b, serial_demonic_a,
          serial_demonic_b, serial_demonic_e, serial_demonic_f,
          serial_demonic_f, serial_demonic_e, serial_demonic_g, serial_shops,
          shop, minmay_shop_grid_forest, minmay_statues_item

Skill      XL: |  1  2  3  4  5 |
---------------+----------------+-----
Dodging        | 2 |  2.3
Stealth        | 2 |  2.4
Spellcasting   | 3 |  3.3
Conjurations   | 2 |  2.4
Air Magic      | 4 |  4.0
Fighting       | |  0.3
Short Blades   | |  0.3

Action                   |  1- 3 |  4- 6 || total
-------------------------+-------+-------++-------
Melee: Dagger            |    20 |    20 ||    40
       Tailslap          |     1 |     1 ||     2
 Cast: Shock             |    89 |    25 ||   114
       Static Discharge  |       |     6 ||     6
  Use: Scroll            |     5 |       ||     5
       Potion            |       |     2 ||     2
Armor: Skin              |    15 |    49 ||    64
Dodge: Dodged            |    16 |    52 ||    68
